 Dungeon Crawl Stone Soup version 0.28-a0-1613-gdaab1c2f9b (webtiles) character file.

Game seed: 18258894553425850800

3469 croobank the Firebug (level 9, -7/68 HPs)
             Began as a Yellow Draconian Fire Elementalist on Jan 21, 2022.
             Was an Initiate of Hepliaklqana.
             Mangled by a fire elemental (9 damage)
             ... summoned by a deep elf pyromancer
             ... on level 8 of the Dungeon.
             The game lasted 00:43:07 (11076 turns).

croobank the Firebug (DrFE)                        Turns: 11076, Time: 00:43:17

Health: -7/68      AC: 10    Str: 12    XL:     9   Next: 79%
Magic:  14/17      EV: 14    Int: 17    God:    Hepliaklqana [......]
Gold:   450        SH:  0    Dex: 13    Spells: 10/19 levels left

rFire   . . .      SeeInvis +   a - +4 dagger (venom)
rCold   . . .      Faith    .   (no shield)
rNeg    . . .      Spirit   .   (armour unavailable)
rPois   .          Reflect  .   (helmet restricted)
rElec   .          Harm     .   (no cloak)
rCorr   +          Rampage  .   B - +0 pair of gloves
Will    .....                   v - +1 pair of boots
Stlth   ++........              G - amulet of magic regeneration
HPRegen 0.21/turn               C - ring of see invisible
MPRegen 0.55/turn               (no ring)

@: on fire, glowing
A: spit acid, AC +7, unfitting armour, cold-blooded, acid resistance, stinger 1,
robust 1
a: Breathe Acid, Renounce Religion


You were on level 8 of the Dungeon.
You worshipped Hepliaklqana.
Hepliaklqana was noncommittal.
You visited 2 branches of the dungeon, and saw 9 of its levels.

You collected 450 gold pieces.

Inventory:

Hand Weapons
 a - a +4 dagger of venom (weapon)
 b - a +0 hand crossbow
 q - a +0 flail
 H - a +0 dagger of speed
 M - a +1 war axe of flaming
Missiles
 d - 50 sling bullets
 r - 4 boomerangs
 s - 11 poisoned darts
 t - 33 bolts
 x - 122 arrows
 D - 248 stones
 E - a throwing net
Armour
 v - a +1 pair of boots (worn)
 z - a +1 robe of willpower
 B - a +0 pair of gloves (worn)
Jewellery
 l - a ring of ice
 C - a ring of see invisible (left hand)
 G - an amulet of magic regeneration (around neck)
 K - a ring of protection from fire
Wands
 o - a wand of iceblast (6)
 J - a wand of paralysis (8)
 N - a wand of flame (3)
Scrolls
 i - a scroll of noise
 j - a scroll of vulnerability
 u - 3 scrolls of amnesia
 y - 3 scrolls of teleportation
 F - a scroll of identify
 I - a scroll of magic mapping
Potions
 e - 2 potions of cancellation
 f - a potion of haste {unknown}
 g - a potion of flight {unknown}
 h - 3 potions of attraction {unknown}
 k - 2 potions of lignification {unknown}
 m - 5 potions of brilliance
 n - 8 potions of curing
 p - a potion of ambrosia {unknown}
 w - 2 potions of might
 A - 2 potions of invisibility {unknown}


   Skills:
 + Level 3.8 Crossbows
 + Level 5.6 Dodging
 + Level 6.1 Stealth
 + Level 5.7 Spellcasting
 + Level 6.0 Conjurations
 - Level 0.3 Translocations
 + Level 6.6 Fire Magic


You had 10 spell levels left.
You knew the following spells:

 Your Spells              Type           Power      Damage    Failure   Level
a - Foxfire               Conj/Fire      100%       2x1d9     1%          1
b - Scorch                Fire           54%        2d8       1%          2
c - Ensorcelled Hibernat  Hex/Ice        8%         N/A       21%         2
d - Flame Wave            Conj/Fire      26%        2d7       10%         4

Your spell library contained the following spells:

 Spells                   Type           Power      Damage    Failure   Level
 Conjure Flame            Conj/Fire      26%        6-21      3%          3
 Inner Flame              Hex/Fire       16%        N/A       10%         3
 Corpse Rot               Necr/Air       8%         N/A       21%         2
 Passwall                 Tmut/Erth      3%         N/A       21%         2
 Poisonous Vapours        Pois/Air       8%         N/A       21%         2
 Gell's Gravitas          Tloc           6%         N/A       34%         3
 Lesser Beckoning         Tloc           6%         N/A       34%         3
 Teleport Other           Tloc           6%         N/A       34%         3
 Swiftness                Air            4%         N/A       36%         3
 Dispersal                Tloc           3%         N/A       100%        6


Dungeon Overview and Level Annotations

Branches:
Dungeon (8/15)             Temple (1/1) D:4
   Lair: D:8-11

Altars:
Ashenzari
Cheibriados
Elyvilon
Fedhas
Gozag
Hepliaklqana
Kikubaaqudgha
Makhleb
Nemelex Xobeh
Okawaru
Qazlal
Sif Muna
Trog
Uskayaw
Wu Jian
Xom
Yredelemnul
Zin
The Shining One

Annotations:
D:5 1 runed translucent door, Zonian's ghost, novice DjIE


Innate Abilities, Weirdness & Mutations

You can spit globs of acid.
Your golden yellow scales are hard. (AC +7)
You cannot fit into any form of body armour.
You are cold-blooded and may be slowed by cold attacks.
You are resistant to acid. (rCorr)
Your tail ends in a venomous barb.
You are robust. (+10% HP)


Message History

The deep elf pyromancer is poisoned.
The deep elf pyromancer is moderately wounded.
The fire elemental barely misses you.
The deep elf pyromancer barely misses you.
You puncture the deep elf pyromancer!
The deep elf pyromancer is moderately wounded.
The deep elf pyromancer is no longer more vulnerable to fire.
The fire elemental closely misses you.
The deep elf pyromancer barely misses you.
The fire elemental hits you. The fire elemental burns you!
You barely miss the deep elf pyromancer.
The deep elf pyromancer is heavily wounded.
The deep elf pyromancer casts a spell at you.
The sticky flame hits you!
You are covered in liquid flames!
* * * LOW HITPOINT WARNING * * *
The fire elemental hits you. The fire elemental burns you!
* * * LOW HITPOINT WARNING * * *
You feel much better.
You are covered in liquid flames!
The fire elemental closely misses you.
The deep elf pyromancer gestures wildly while chanting.
You closely miss the deep elf pyromancer.
The deep elf pyromancer is severely wounded.
You are covered in liquid flames!
* * * LOW HITPOINT WARNING * * *
The fire elemental hits you. The fire elemental burns you!
* * * LOW HITPOINT WARNING * * *
The deep elf pyromancer hits you but does no damage.
The fire elemental closely misses you. The fire elemental hits you.
The fire elemental burns you!
* * * LOW HITPOINT WARNING * * *
Okay, then.
As you read the scroll labelled OZILLA BAPLUV, it crumbles to dust.
Wisps of shadow whirl around you...
It was a scroll of summoning.
You are covered in liquid flames!
* * * LOW HITPOINT WARNING * * *
The deep elf pyromancer casts a spell.
The fire elemental hits you. The fire elemental burns you!
You die...

##### # ############...#
# #..............# #
#.###########..# #
##......... .#..########
#............#..........
#..8######'''#.#####.##.
#...ggE.E'...#.........#
#...ggg@eo...#.......##.
#.g.oooE.'...#.####..###
#..8######'''#.# #)## #
#.... ..#.# #)####
#..... .#.# #...##
#..###########.# #.#.##
#..............# #.#.##
#............######.#.##
########.........#.##


You could see a deep elf pyromancer (poisoned, ally target), 3 fire elementals,
a friendly gnoll sergeant (summoned), 5 friendly gnolls and 4 friendly orcs.

Vanquished Creatures
  A deep elf pyromancer (D:8)
  Maurice (D:8)
  Grinder (D:6)
  2 hornets
  3 water moccasins
  3 sky beasts
  2 orc warriors
  2 ogres (D:6)
  A centaur (D:4)
  A phantom (D:7)
  A bullfrog (D:8)
  A gnoll sergeant (D:6)
  2 scorpions
  A howler monkey (D:4)
  A jelly (D:6)
  A bullfrog zombie (D:6)
  A bullfrog skeleton (D:6)
  A centaur skeleton (D:6)
  2 hounds
  2 orc priests (D:8)
  2 iguanas
  6 orc wizards
  A killer bee zombie (D:8)
  5 gnolls (D:6)
  4 adders
  3 white imps
  3 ufetubi
  A worm (D:3)
  3 dart slugs
  22 orcs
  7 endoplasms
  6 giant cockroaches
  6 goblins
  10 hobgoblins
  8 jackals (D:3)
  2 quokkas
  5 ball pythons
  4 bats
  A frilled lizard (D:1)
  7 kobolds
  3 rats
139 creatures vanquished.

Vanquished Creatures (others)
  7 foxfires
7 creatures vanquished.

Grand Total: 146 creatures vanquished

Notes
Turn   | Place    | Note
-------+----------+-------------------------------------------
     0 | D:1      | croobank the Draconian Fire Elementalist began the quest
                  | for the Orb.
     0 | D:1      | Reached XP level 1. HP: 14/14 MP: 3/3
   556 | D:1      | Reached XP level 2. HP: 6/20 MP: 5/5
  1696 | D:1      | Reached XP level 3. HP: 26/26 MP: 6/6
  1699 | D:1      | Learned a level 2 spell: Scorch
  2871 | D:3      | Found a faded altar of an unknown god.
  2888 | D:3      | Found a shimmering blue altar of Sif Muna.
  4062 | D:4      | Noticed a centaur
  4072 | D:4      | Killed a centaur
  4073 | D:4      | Reached XP level 4. HP: 21/33 MP: 6/8
  4073 | D:4      | Reached XP level 5. HP: 24/38 MP: 6/9
  4625 | D:4      | Found a staircase to the Ecumenical Temple.
  4748 | D:4      | Found an iron altar of Okawaru.
  4761 | D:4      | Found a white marble altar of Elyvilon.
  4856 | D:4      | Found a glowing golden altar of the Shining One.
  5267 | D:5      | Entered Level 5 of the Dungeon
  5290 | D:5      | Reached XP level 6. HP: 30/45 MP: 10/10
  5489 | D:5      | Found a runed translucent door.
  5493 | D:5      | Noticed Zonian's ghost (novice DjIE)
  5532 | D:5      | Found a glowing silver altar of Zin.
  5641 | D:5      | Found a bloodstained altar of Trog.
  5870 | D:5      | Noticed a sky beast
  5884 | D:5      | Killed a sky beast
  5898 | D:5      | Learned a level 2 spell: Ensorcelled Hibernation
  6207 | D:5      | Gained mutation: Your tail ends in a venomous barb. [potion
                  | of mutation]
  6207 | D:5      | Gained mutation: You are robust. (+10% HP) [potion of
                  | mutation]
  6533 | D:6      | Noticed an orc warrior
  6539 | D:6      | Your scales start taking on a golden yellow colour.
  6539 | D:6      | Reached XP level 7. HP: 16/55 MP: 12/12
  6539 | D:6      | Gained mutation: You are resistant to acid. (rCorr) [Yellow
                  | Draconian growth]
  6900 | D:6      | Noticed Grinder
  6912 | D:6      | Paralysed by Grinder for 5 turns
  6931 | D:6      | Killed Grinder
  7164 | D:6      | Reached skill level 5 in Fire Magic
  7294 | D:6      | Reached skill level 1 in Crossbows
  7294 | D:6      | Reached XP level 8. HP: 62/62 MP: 14/14
  7512 | D:6      | Learned a level 4 spell: Flame Wave
  8358 | D:7      | Noticed a hornet
  8369 | D:7      | Killed a hornet
  8370 | D:7      | Reached skill level 5 in Stealth
  8762 | D:7      | Reached skill level 5 in Conjurations
  9009 | D:7      | Reached skill level 5 in Spellcasting
  9009 | D:7      | Reached XP level 9. HP: 68/68 MP: 9/16
  9767 | D:8      | Reached skill level 5 in Dodging
 10152 | D:8      | Noticed a deep elf pyromancer
 10161 | D:8      | Killed a deep elf pyromancer
 10194 | D:8      | Found a sparkling altar of Nemelex Xobeh.
 10546 | Temple   | Entered the Ecumenical Temple
 10601 | Temple   | Became a worshipper of Hepliaklqana the Forgotten
 10825 | D:8      | Noticed Maurice
 10849 | D:8      | Killed Maurice
 11057 | D:8      | Noticed a deep elf pyromancer
 11076 | D:8      | HP: 2/68 [burnt (3)]
 11076 | D:8      | Mangled by a fire elemental

Illustrated notes

Levels and vault maps discovered:
D:1:      minmay_arrival_loop, layout_basic
D:2:      layout_rooms
D:3:      layout_basic, nicolae_sif_muna_little_library,
          ebering_ecumenical_altar_ruins, minmay_goblin_kobold_house
D:4:      layout_gridville, nicolae_tso_swordbearing_angel,
          nicolae_overflow_squiral, minmay_temple_entry_waves
D:5:      layout_basic, mainiacjoe_overflow_catwalk, trog_hazing_becter,
          ebering_ghost_sewer_d
D:6:      layout_loops_ring, chequers_serial_rivers_room_b, patterned_corridor,
          uniq_grinder
D:7:      layout_rooms, serial_corexii_hall, corexii_hall_statues_i,
          corexii_hall_statues_deadend, st_stairs_11, amethyst_killhole
D:8:      layout_loops_ring, mainiacjoe_overflow_tiny_flanked,
          hangedman_abyss_or_decor_clamps, guppyfry_early_elven_hall,
          uniq_maurice
Temple:   regret_index_temple_waves

Skill      XL: |  1  2  3  4  5  6  7  8  9 |
---------------+----------------------------+-----
Stealth        | 2 3 4 5 6 |  6.1
Dodging        | 2 3 4 5 |  5.6
Conjurations   | 2 3 4 5 6 |  6.0
Spellcasting   | 3 4 5 |  5.7
Fire Magic     | 4 5 6 |  6.6
Crossbows      | 1 2 3 |  3.8
Translocations | |  0.3

Action                   |  1- 3 |  4- 6 |  7- 9 || total
-------------------------+-------+-------+-------++-------
Melee: Unarmed           |   208 |       |       ||   208
       Tailslap          |    35 |    24 |    20 ||    79
       Punch             |     4 |     1 |     4 ||     9
       Dagger            |    80 |   109 |   175 ||   364
 Fire: Hand crossbow     |       |       |    33 ||    33
 Cast: Scorch            |       |       |    46 ||    46
       Foxfire           |       |       |     7 ||     7
       Flame Wave        |       |       |     7 ||     7
       Ensorcelled Hiber |       |       |     2 ||     2
 Abil: Breathe Acid      |       |       |     5 ||     5
Evoke: Wand              |       |       |     6 ||     6
  Use: Potion            |     2 |     2 |     3 ||     7
       Scroll            |       |     9 |     5 ||    14
 Stab: Sleeping          |     6 |     1 |     2 ||     9
       Paralysed         |       |       |     2 ||     2
Armor: Skin              |   110 |    38 |    74 ||   222
Dodge: Dodged            |   214 |    92 |   123 ||   429

Table legend: (Time is in decaauts)
 A = Elapsed time spent in this place.
 B = Non-inter-level travel time spent in this place.
 C = Inter-level travel time spent in this place.
 D = Time resting spent in this place.
 E = Time spent auto-exploring this place.
 F = Levels seen in this place.
 G = Mean time per level.
                   A        B        C        D        E       F      G
               +--------+--------+--------+--------+--------+-----+--------+
         Total |  11104 |  10642 |    462 |   1301 |   7407 |   9 | 1233.8 |
       Dungeon |  10987 |  10581 |    406 |   1301 |   7368 |   8 | 1373.4 |
        Temple |    117 |     62 |     55 |      0 |     39 |   1 |  117.0 |
               +--------+--------+--------+--------+--------+-----+--------+

Top non-repeatable levels by time:
     D:1: 2254 daAuts
     D:5: 1597 daAuts
     D:6: 1581 daAuts
     D:4: 1339 daAuts
     D:8: 1331 daAuts
     D:3: 1274 daAuts
     D:7: 1150 daAuts
     D:2: 458 daAuts
  Temple: 117 daAuts
